 Dungeon Crawl Stone Soup version 0.31-a0-232-gb1c03b2570 (webtiles) character file.

Game seed: 5191894779342250664

98 coffeetime the Firebug (level 4, -8/36 HPs)
             Began as a Draconian Fire Elementalist on July 7, 2023.
             Killed by divine providence
             ... invoked by an orc priest
              (13 damage)
             ... on level 4 of the Dungeon.
             The game lasted 00:11:36 (3500 turns).

coffeetime the Firebug (DrFE)                       Turns: 3500, Time: 00:11:37

Health: -8/36      AC:  8    Str: 11    XL:     4   Next: 43%
Magic:  4/7        EV: 12    Int: 17    God:
Gold:   190        SH:  0    Dex: 11    Spells: 5/8 levels left

rFire   . . .        n - +1 long sword (holy)
rCold   . . .        (no shield)
rNeg    . . .        (body armour unavailable)
rPois   .            l - +2 hat {Will+}
rElec   .            (no cloak)
rCorr   .            f - +0 pair of gloves
SInv    .            (no boots)
Will    +....        (no amulet)
Stlth   ++           (no ring)
HPRegen 0.26/turn    (no ring)
MPRegen 0.10/turn

%: no passive effects
@: no status effects
A: AC +5, unfitting armour, cold-blooded
a: no special abilities


You were on level 4 of the Dungeon.
You visited 1 branch of the dungeon, and saw 4 of its levels.

You collected 232 gold pieces.
You spent 42 gold pieces at shops.

Inventory:

Hand Weapons
 n - a +1 long sword of holy wrath (weapon)
Missiles
 d - 28 stones
 h - 8 poisoned darts
Armour
 f - a +0 pair of gloves (worn)
 l - a +2 hat of willpower (worn)
Scrolls
 c - a scroll of teleportation
 e - a scroll of torment
 i - a scroll of amnesia {unknown}
 j - a scroll of enchant weapon {unknown}
Potions
 a - 2 potions of magic
 b - 2 potions of heal wounds
 g - a potion of resistance {unknown}
 k - a potion of brilliance {unknown}
 m - a potion of invisibility {unknown}
 o - a potion of curing {unknown}
 p - a potion of haste {unknown}


   Skills:
 * Level 2.1 Fighting
 + Level 2.2 Dodging
 + Level 2.2 Stealth
 + Level 2.5 Spellcasting
 - Level 1.0 Conjurations
 + Level 3.8 Fire Magic


You had 5 spell levels left.
You knew the following spells:

 Your Spells              Type           Power      Damage    Failure   Level
a - Foxfire               Conj/Fire      40%        2x1d6     7%          1
b - Scorch                Fire           30%        2d6       6%          2

Your spell library contained the following spells:

 Spells                   Type           Power      Damage    Failure   Level
 Inner Flame              Hex/Fire       8%         N/A       26%         3
 Volatile Blastmotes      Fire/Tloc      16%        2d11      26%         3
 Flame Wave               Conj/Fire      10%        2d6       56%         4


Dungeon Overview and Level Annotations

Branches:
Dungeon (4/15)
 Temple: D:4-7

Altars:
Zin

Shops:
D:1 *   D:3 ?

Annotations:
D:3 3 runed translucent doors, Leavold's ghost, weakling OpEE


Innate Abilities, Weirdness & Mutations

Your plain brown scales are hard. (AC +5)
You cannot fit into any form of body armour.
You are cold-blooded and may be slowed by cold attacks.


Message History

The orc is severely wounded.
You see here a jackal corpse.
Casting: Foxfire (safe; 7% risk of failure)
Confirm with . or Enter, or press ? or * to list all spells.
You conjure some foxfire!
Unknown command.
The foxfire hits the orc.
You kill the orc!
Casting: Foxfire (safe; 7% risk of failure)
Confirm with . or Enter, or press ? or * to list all spells.
You conjure some foxfire!
Your foxfire dissipates!
Your foxfire dissipates!
Casting: Foxfire (safe; 7% risk of failure)
Confirm with . or Enter, or press ? or * to list all spells.
You conjure some foxfire!
Your foxfire dissipates!
You start resting.
An orc priest is nearby!
Casting: Foxfire (safe; 7% risk of failure)
Confirm with . or Enter, or press ? or * to list all spells.
You conjure some foxfire!
The orc priest begins to cast a cantrip, but forgets the words!
Your foxfire dissipates!
The foxfire hits the orc priest.
The orc priest is moderately wounded.
Found a black potion.
p - a black potion The orc priest invokes the aid of Beogh against you.
Beogh smites you!
* * * LOW HITPOINT WARNING * * *
Casting: Foxfire (safe; 7% risk of failure)
Confirm with . or Enter, or press ? or * to list all spells.
You don't know that spell.
Casting: Foxfire (safe; 7% risk of failure)
Confirm with . or Enter, or press ? or * to list all spells.
You conjure some foxfire!
The orc priest calls down the wrath of Beogh upon you.
Beogh smites you!
You die...

#..##.#######....###.........####
.#.##.# ##.#.####.......## #
...)..# #........#.....## ##.####
#....###.##...## #.#
##.....##.###+# #.# ##.......#.#
#.# #.# #..........# #.#
##....v..#.###.##
##...@..#.##...##
#..v.#.#.#.....#####
#.........#...#.....
#.#.#...........####
#.#.......##.#### #.###.....##.#
#.# #.....##.# #.####o#####.#
#......# #.#


You could see an orc priest (ally target).

Vanquished Creatures
  An adder (D:4)
  A worm (D:2)
  5 orcs
  6 endoplasms
  A giant cockroach (D:4)
  5 goblins
  9 hobgoblins
  14 jackals
  6 ball pythons
  8 bats
  3 frilled lizards
  4 kobolds
  5 rats
68 creatures vanquished.

Vanquished Creatures (others)
  131 foxfires
131 creatures vanquished.

Grand Total: 199 creatures vanquished

Notes
Turn   | Place    | Note
-------+----------+-------------------------------------------
     0 | D:1      | coffeetime the Draconian Fire Elementalist began the quest
                  | for the Orb.
     0 | D:1      | Reached XP level 1. HP: 14/14 MP: 3/3
   381 | D:1      | Found Adeczaq's Assorted Antiques.
   490 | D:1      | Reached XP level 2. HP: 22/22 MP: 1/5
   808 | D:1      | Upgraded the game from 0.31-a0-229-g1fc7ce93e2 to
                  | 0.31-a0-232-gb1c03b2570
   811 | D:1      | Learned a level 2 spell: Scorch
  1238 | D:1      | Reached XP level 3. HP: 25/27 MP: 1/6
  1245 | D:1      | Reached skill level 1 in Fighting
  1800 | D:2      | Identified the +1 robe of Hubris {Harm Int+2}
  2052 | D:3      | Found a glowing silver altar of Zin.
  2208 | D:3      | Reached XP level 4. HP: 35/35 MP: 4/7
  2323 | D:3      | Found a runed translucent gate.
  2331 | D:3      | Noticed Leavold's ghost (weakling OpEE)
  2333 | D:3      | Found a runed translucent gate.
  2333 | D:3      | Found a runed translucent gate.
  2737 | D:3      | Found a faded altar of an unknown god.
  2884 | D:3      | Found Baaplohe's Magic Scroll Shop.
  2940 | D:3      | Bought a scroll of identify for 28 gold pieces
  2940 | D:3      | Bought a scroll of noise for 14 gold pieces
  3266 | D:4      | Noticed a scorpion
  3319 | D:4      | Noticed a black bear
  3500 | D:4      | Killed from afar by an orc priest

Illustrated notes

Levels and vault maps discovered:
D:1:      saegor_arrival_simple_e, layout_basic, serial_shops,
          nicolae_shop_waterfront
D:2:      layout_rooms
D:3:      layout_basic, zin_academy, gammafunk_ghost_split,
          chequers_ecumenical_altar_simple_redux, serial_shops,
          nicolae_shop_stone, chequers_serial_rivers_large_b
D:4:      layout_loops_corners, kennysheep_slug_shrine, lemuel_round_altar,
          serial_shops, shop, uniq_blork_the_orc

Skill      XL: |  1  2  3  4 |
---------------+-------------+-----
Dodging        | 2 |  2.2
Fighting       | 1 2 |  2.1
Stealth        | 2 |  2.2
Spellcasting   | |  2.5
Conjurations   | |  1.0
Fire Magic     | |  3.8

Action                     |  1- 3 |  4- 6 || total
---------------------------+-------+-------++-------
  Melee: Unarmed           |    11 |       ||    11
         Tailslap          |     7 |     2 ||     9
         Short sword       |    63 |       ||    63
         Long sword        |    11 |    12 ||    23
   Cast: Foxfire           |    55 |    30 ||    85
         Scorch            |     7 |       ||     7
    Use: Scroll            |       |     4 ||     4
   Stab: Sleeping          |     2 |     1 ||     3
 Armour: Skin              |    74 |    15 ||    89
  Dodge: Dodged            |   114 |    18 ||   132

Table legend: (Time is in decaauts)
 A = Elapsed time spent in this place.
 B = Non-inter-level travel time spent in this place.
 C = Inter-level travel time spent in this place.
 D = Time resting spent in this place.
 E = Time spent auto-exploring this place.
 F = Levels seen in this place.
 G = Mean time per level.
                   A        B        C        D        E       F      G
               +--------+--------+--------+--------+--------+-----+--------+
         Total |   3539 |   3337 |    202 |    340 |   2312 |   4 |  884.8 |
       Dungeon |   3539 |   3337 |    202 |    340 |   2312 |   4 |  884.8 |
               +--------+--------+--------+--------+--------+-----+--------+

Top non-repeatable levels by time:
     D:1: 1335 daAuts
     D:3: 1191 daAuts
     D:2: 606 daAuts
     D:4: 406 daAuts
